Cogmind - Beta 13 @@@ ROGUE MODE // 2024.03.29 @ 21:10:08 Player: blelm Result: Escaped! Performance ------------- Evolutions (9) 4500 Regions Visited (31) 6200 Robots Destroyed (475) 2375 Value Destroyed (22484) 22484 Prototype IDs (251) 5020 Alien Tech Used (4) 800 Bonus (22934) 22934 TOTAL SCORE: 64313 Bonus ------- Triggered High Security 500 High Alert Combat Kills 4948 Follower Combat Kills 1340 Entered Garrisons 600 Used RIF Installer 1500 Network Hubs Disabled 200 Aligned with FarCom 300 Met Data Miner 300 Used Data Conduit 3000 Met Zhirov 300 A7 Reached Mainframe 300 Met R17 at Cetus 500 Read Decrypted Archives 300 Found Hidden Lab 3000 Decrypted A0 Command 3000 Pursued by Intercept 1500 Win 3000 Friendly Fire -1654 Cogmind --------- Core Integrity 1544/1600 Matter 184/300 Energy 659/680 System Corruption 2% Temperature Cool (15) Movement Treading (241) Ox1 Location To Epsilon Eridani Parts ------- > --- POWER (4) -------- Heavy Antimatter Reactor Light Quantum Reactor Reinforced Quantum Reactor > --- PROPULSION (6) --- Armored Heavy Treads Biometal Heavy Treads Advanced Heavy Siege Treads > --- UTILITY (12) ----- Experimental Cooling System Huge Storage Unit Enhanced Optical Array Heavy Regenerative Plating SHELL Armor Graphene Brace Experimental EM Disruption Field Improved Force Field High-powered Tractor Beam > --- WEAPON (4) ------- Heavy Linear Accelerator Omega Cannon > --- INVENTORY (25) --- Armored Heavy Treads Experimental Heat Sink Improved Energy Well (400) YI-UF0's Bottomless Matter Pit (107) Advanced Terrain Scanner Advanced Target Analyzer Advanced Kinecellerator Energy Mantle Relay Coupler [NC] (29) Improved Component Analysis Suite Core Reset Matrix Compact HERF Cannon Enhanced Nova Cannon Enhanced Nova Cannon Warp Cannon Linear Accelerator Tiamat Missile Launcher Ragnarok Missile Launcher Improved Remote Datajack Peak State ------------ > --- POWER ------------ Heavy Antimatter Reactor Heavy Antimatter Reactor Light Quantum Reactor Reinforced Quantum Reactor > --- PROPULSION ------- Armored Heavy Treads Biometal Heavy Treads Advanced Heavy Siege Treads > --- UTILITY ---------- Experimental Cooling System Huge Storage Unit Enhanced Optical Array Advanced Terrain Scan Processor Advanced Kinecellerator Heavy Regenerative Plating SHELL Armor Graphene Brace Improved Force Field > --- WEAPON ----------- Heavy Linear Accelerator Omega Cannon > --- INVENTORY -------- Armored Heavy Treads Experimental Heat Sink Improved Energy Well YI-UF0's Bottomless Matter Pit Advanced Terrain Scanner Advanced Target Analyzer Experimental EM Disruption Field Energy Mantle Relay Coupler [NC] Improved Component Analysis Suite High-powered Tractor Beam Core Reset Matrix Compact HERF Cannon Enhanced Nova Cannon Enhanced Nova Cannon Warp Cannon Linear Accelerator Tiamat Missile Launcher Ragnarok Missile Launcher Improved Remote Datajack [Rating: 230] Favorites ----------- Power Improved Deuterium Engine Engine Improved Deuterium Engine Power Core Neutrino Core Reactor Heavy Antimatter Reactor Propulsion Light Treads Treads Light Treads Leg Aluminum Leg Wheel Armored Wheel Utility Huge Storage Unit Device Improved Transmission Jammer Storage Huge Storage Unit Processor Advanced Terrain Scan Processor Hackware System Shield Protection Improved Medium Armor Plating Weapon Autogun Energy Gun Improved Medium Laser Energy Cannon Cooled Plasma Cannon Ballistic Gun Autogun Ballistic Cannon Heavy Linear Accelerator Launcher Grenade Launcher Special Weapon Improved Remote Datajack Impact Weapon Hammer Slashing Weapon Makeshift Axe Piercing Weapon Makeshift Spear Build | -11 -10 -10 -10 -9 -8 -8 -8 -8 -7 -7 -7 -7 -6 -6 -6 -6 -6 -6 -5 -5 -4 -4 -4 -4 -3 -3 -3 -3 -2 -2 -1 ------- Run | Yrd Mat Min Exi Min Mat Gar Mat Gar Fac Low Low Dat Pro Fac Ext Cet Arc Hub Fac Gar Fac Upp Upp Zhi Pro Res Arm Lab Res Tes Acc Slots Evolved 18 | . . . . . 4 . . . 2 . . . . 2 . . . . 2 . 2 . . . . 2 . . 2 . 2 Power 2 | . . . . . . . . . . . . . . . . . . . 1 . . . . . . 1 . . . . . Propulsion 4 | . . . . . 1 . . . . . . . . 1 . . . . . . . . . . . . . . 2 . . Utility 10 | . . . . . 2 . . . 1 . . . . 1 . . . . 1 . 2 . . . . 1 . . . . 2 Weapon 2 | . . . . . 1 . . . 1 . . . . . . . . . . . . . . . . . . . . . . Parts Attached 638 | 1 24 10 1 18 38 18 23 16 40 10 4 10 6 8 32 13 1 22 5 26 53 19 11 7 12 10 53 17 65 32 33 Power 25 | . 1 1 . 3 1 . 1 . . . . . 1 . 1 1 . 2 1 . 1 . . . . 1 6 . 3 1 . Engine 8 | . 1 1 . 3 1 . 1 . . . . . . . . . . . . . . . . . . . . . 1 . . Core 3 | . . . . . . . . . . . . . 1 . 1 . . . . . 1 . . . . . . . . . . Reactor 14 | . . . . . . . . . . . . . . . . 1 . 2 1 . . . . . . 1 6 . 2 1 . Propulsion 67 | . 6 2 1 5 6 4 6 . 6 4 . . . 1 3 2 . 1 . 4 5 . . . . . 2 1 4 4 . Treads 49 | . 3 2 . 2 4 3 5 . 5 2 . . . 1 2 2 . 1 . 4 4 . . . . . 2 1 4 2 . Leg 2 | . . . . . . . . . . . . . . . . . . . . . . . . . . . . . . 2 . Wheel 16 | . 3 . 1 3 2 1 1 . 1 2 . . . . 1 . . . . . 1 . . . . . . . . . . Hover . | . . . . . . . . . . . . . . . . . . . . . . . . . . . . . . . . Flight . | . . . . . . . . . . . . . . . . . . . . . . . . . . . . . . . . Utility 298 | 1 7 3 . 1 15 3 5 2 21 6 4 2 1 3 10 5 . 12 3 7 25 13 5 3 8 5 35 7 52 15 19 Device 211 | 1 3 . . . 6 . 3 . 13 6 4 1 1 2 7 1 . 6 1 3 16 10 5 2 7 4 31 3 44 14 17 Storage 10 | . 2 1 . 1 . . . . 1 . . . . . . . . . . . . . . . . . 1 . 2 1 1 Processor 5 | . . . . . . . . . 1 . . . . . . . . 1 . . 2 1 . . . . . . . . . Hackware 8 | . . . . . 1 . . . 1 . . . . . 1 . . . 1 . 2 . . . . 1 . . 1 . . Protection 64 | . 2 2 . . 8 3 2 2 5 . . 1 . 1 2 4 . 5 1 4 5 2 . 1 1 . 3 4 5 . 1 Artifact . | . . . . . . . . . . . . . . . . . . . . . . . . . . . . . . . . Weapon 248 | . 10 4 . 9 16 11 11 14 13 . . 8 4 4 18 5 1 7 1 15 22 6 6 4 4 4 10 9 6 12 14 Energy Gun 19 | . 3 2 . 3 4 2 2 . 1 . . . . . . . . . . . . . . . . . . 1 . 1 . Energy Cannon 61 | . . . . . 2 1 . 1 3 . . . 1 2 5 1 . 2 1 4 9 2 2 1 . 3 2 6 2 6 5 Ballistic Gun 98 | . 4 . . 2 5 5 8 6 9 . . 3 2 2 9 4 . 5 . 9 12 2 2 3 3 1 2 . . . . Ballistic Cannon 16 | . . . . . . . . . . . . . . . . . . . . . . . . . . . 4 1 3 3 5 Launcher 34 | . 1 2 . 3 4 3 . 2 . . . 1 1 . 1 . . . . 2 . 2 2 . 1 . 2 . 1 2 4 Special Weapon 10 | . 2 . . 1 1 . . . . . . . . . 3 . 1 . . . 1 . . . . . . 1 . . . Impact Weapon 6 | . . . . . . . 1 5 . . . . . . . . . . . . . . . . . . . . . . . Slashing Weapon 3 | . . . . . . . . . . . . 3 . . . . . . . . . . . . . . . . . . . Piercing Weapon 1 | . . . . . . . . . . . . 1 . . . . . . . . . . . . . . . . . . . Special Melee Weapon . | . . . . . . . . . . . . . . . . . . . . . . . . . . . . . . . . Unidentified Prototypes 17 | . 1 1 . . 3 . 1 . . . . . . . . . . . . . . . . 1 . . 1 5 . 3 1 Corrupted Parts 5 | . . . . . . . . . . . . . . . . 3 . 2 . . . . . . . . . . . . . System Corruption 27 | . . . . . . . . . . . . . . . . 20 . 7 . . . . . . . . . . . . . Parts Lost 54 | . 1 2 2 4 3 . 1 1 3 . . 1 . . 7 2 . 5 . 6 7 1 . . 1 . 1 . 2 3 1 Power 5 | . . 1 . 1 . . 1 . . . . . . . . . . . . . . . . . . . . . 1 . 1 Propulsion 11 | . 1 1 1 1 . . . . 1 . . . . . 1 . . . . 3 2 . . . . . . . . . . Utility 17 | . . . . . 1 . . 1 . . . 1 . . 2 . . 2 . 2 3 . . . . . 1 . 1 3 . Weapon 21 | . . . 1 2 2 . . . 2 . . . . . 4 2 . 3 . 1 2 1 . . 1 . . . . . . Highest Loss Streak 3 | . 1 2 2 2 1 . 1 1 1 . . 1 . . 3 2 . 3 . 3 2 1 . . 1 . 1 . 1 3 1 To Critical Strikes 2 | . . . . . . . . . . . . . . . . 1 . . . 1 . . . . . . . . . . . Average Slot Usage (%) 91 | . 98 99 100 99 99 100 99 100 99 94 92 89 92 93 92 90 86 85 87 91 88 84 84 73 83 83 81 70 75 78 70 Engine 5 | . 14 13 14 13 9 9 8 9 7 7 7 7 6 . . . . . . . . . . . . . . . . . . Core 1 | . . . . . . . . . . . . . . 6 6 4 . . . . . 5 5 5 5 4 2 . . . . Reactor 4 | . . . . . . . . . . . . . . . . 1 6 6 10 11 10 5 5 5 5 9 11 13 15 16 14 Treads 11 | . 8 12 12 13 22 19 18 18 14 8 . . . 6 8 17 13 13 11 15 13 5 5 5 5 4 8 9 12 11 11 Wheel 6 | . 10 15 15 14 3 7 9 9 7 8 15 15 15 13 10 . . . . . . 5 5 5 5 4 . . . . . Device 10 | . 13 . . . 2 . 8 9 8 7 11 15 15 20 15 13 13 13 13 10 13 17 15 15 14 14 19 19 16 15 15 Storage 7 | . 14 14 14 14 9 9 9 9 7 7 7 7 7 6 6 6 6 6 5 5 5 5 5 5 5 4 4 4 4 4 3 Processor 3 | . . . . . . . . . . . . . . . . . . 2 5 5 7 8 10 10 10 9 9 9 8 8 6 Hackware 3 | . . . . . 4 9 9 7 5 7 2 . . . 3 6 6 3 2 5 5 5 5 1 . 3 4 2 3 3 . Protection 10 | . . 14 14 14 20 18 9 10 14 15 15 15 15 13 12 13 13 12 10 10 7 5 5 8 10 9 4 7 4 4 7 Energy Gun 1 | . 1 7 14 8 3 9 1 . . . . . . . . . . . . . . . . . . . . . . . . Energy Cannon 1 | . . . . . . . . . 1 . . . . 1 1 3 . . 4 2 2 1 3 2 . 2 1 2 . 6 3 Ballistic Gun 18 | . 24 14 14 14 22 15 25 21 28 30 30 22 27 22 21 21 25 24 17 20 17 18 16 7 20 15 6 . . . . Naked Turns . | . . . . . . . . . . . . . . . . . . . . . . . . . . . . . . . . Heaviest Build 281 | 12 51 51 51 96 124 113 122 120 122 119 122 128 131 140 138 143 143 145 156 159 173 171 172 178 176 192 220 215 253 249 281 Greatest Support 215 | 20 26 26 26 10 62 62 12 43 43 40 40 40 40 40 40 160 160 160 160 160 133 28 28 28 28 28 140 120 215 215 215 Greatest Overweight (x) 10 | . 3 3 4 9 10 9 10 9 10 9 3 3 3 3 6 4 . . . 1 6 6 6 6 6 6 6 1 1 3 1 Average Overweight (x) 4 | . 1 2 2 7 3 7 8 8 9 4 2 3 3 3 3 1 . . . . 1 5 5 5 6 6 1 1 1 1 1 Largest Inventory Capacity 25 | 8 20 20 20 25 25 25 25 25 25 25 25 25 25 25 25 25 25 25 25 25 25 25 25 25 25 25 25 25 25 25 25 Average Capacity 24 | 8 12 20 20 22 25 25 25 25 25 25 25 25 25 25 25 25 25 25 25 25 25 25 25 25 25 25 25 25 25 25 25 Most Carried 25 | 6 20 20 20 25 25 25 25 25 25 25 25 25 21 25 25 25 24 25 22 25 25 25 25 25 25 23 25 25 25 25 23 Average Carried 23 | 6 12 19 20 21 24 24 24 24 24 24 24 22 20 22 24 24 24 24 20 23 23 24 24 24 24 22 24 24 24 23 21 Final Capacity 25 | 8 20 20 20 25 25 25 25 25 25 25 25 25 25 25 25 25 25 25 25 25 25 25 25 25 25 25 25 25 25 25 25 Final Carried 25 | 6 20 20 20 25 25 25 25 25 25 25 25 20 20 25 25 24 24 22 21 25 25 25 25 25 24 23 24 25 22 25 21 Class Distribution -------------------- 29% | Tank 25% | Scavenger-Tank 17% | Mutant 8% | Scavenger-Skirmisher 6% | Generator-Skirmisher 3% | Generator-Tank Dominant Class ---------------- Mutant | -10/Materials Mutant | -10/Mines Mutant | -10/Exiles Mutant | -9/Mines Tank | -8/Materials Tank | -8/Garrison Scavenger-Tank | -8/Materials Mutant | -8/Garrison Tank | -7/Factory Tank | -7/Lower Caves Tank | -7/Lower Caves Tank | -7/Data Miner Tank | -6/Proximity Caves Tank | -6/Factory Commander-Tank | -6/Extension Scavenger-Tank | -6/Cetus Scavenger-Tank | -6/Archives Scavenger-Tank | -6/Hub_04(d) Scavenger-Tank | -5/Factory Scavenger-Tank | -5/Garrison Scavenger-Tank | -4/Factory Scavenger-Skirmisher | -4/Upper Caves Scavenger-Skirmisher | -4/Upper Caves Scavenger-Mutant | -4/Zhirov Scavenger-Tank | -3/Proximity Caves Scavenger-Tank | -3/Research Scavenger-Tank | -3/Armory Generator-Mutant | -3/Lab Generator-Skirmisher | -2/Research Generator-Skirmisher | -2/Testing Generator-Tank | -1/Access Resources | -11 -10 -10 -10 -9 -8 -8 -8 -8 -7 -7 -7 -7 -6 -6 -6 -6 -6 -6 -5 -5 -4 -4 -4 -4 -3 -3 -3 -3 -2 -2 -1 ----------- Run | Yrd Mat Min Exi Min Mat Gar Mat Gar Fac Low Low Dat Pro Fac Ext Cet Arc Hub Fac Gar Fac Upp Upp Zhi Pro Res Arm Lab Res Tes Acc Matter Collected 25737 | 302 581 1246 300 751 1045 615 952 435 1358 372 109 239 435 182 867 337 . 872 . 1517 1339 598 304 392 685 309 2145 303 3181 898 3068 Remotely 6978 | . . . . . 99 . . . . 130 . . . . 92 . . . . 774 430 . . . . 309 866 . 2133 407 1738 Salvage Created 20224 | 160 659 192 . 121 1538 766 921 453 1211 112 46 43 228 283 683 426 . 824 13 1638 2288 411 154 . 537 429 775 . 2733 915 1665 Parts 995 | 15 50 10 . 9 75 40 46 30 72 3 3 . 11 7 24 22 . 31 1 72 113 20 16 . 28 24 41 . 123 33 76 Haulers Intercepted 12 | . 2 . . . 4 . 3 . . . . . . 1 . . . 1 . . . . . . . . . . . . 1 Recyclers Shooed 24 | . 7 . . . 4 . 1 . 1 . . . . . 2 . . 1 . . 2 . . . . 1 . . 5 . . Parts Field Recycled . | . . . . . . . . . . . . . . . . . . . . . . . . . . . . . . . . Retrieved Matter . | . . . . . . . . . . . . . . . . . . . . . . . . . . . . . . . . Parts Self-Destructed 80 | . . . . . . . . . . 7 3 . 10 . . . . . . . . 20 10 . 30 . . . . . . Prevented . | . . . . . . . . . . . . . . . . . . . . . . . . . . . . . . . . Kills | -11 -10 -10 -10 -9 -8 -8 -8 -8 -7 -7 -7 -7 -6 -6 -6 -6 -6 -6 -5 -5 -4 -4 -4 -4 -3 -3 -3 -3 -2 -2 -1 ------- Run | Yrd Mat Min Exi Min Mat Gar Mat Gar Fac Low Low Dat Pro Fac Ext Cet Arc Hub Fac Gar Fac Upp Upp Zhi Pro Res Arm Lab Res Tes Acc Combat Hostiles Destroyed 365 | . 11 5 . 6 23 22 15 14 24 1 1 4 7 3 8 6 . 9 . 31 27 9 10 . 13 4 18 . 39 18 37 Melee 1 | . . . . . . . . . . . . . . . . . . . . . . . . . . . . . 1 . . Guns 206 | . 11 3 . 2 23 7 15 12 23 1 1 . 3 3 8 5 . 9 . 31 27 5 1 . 9 4 3 . . . . Cannons 73 | . . . . . . . . . . . . . . . . . . . . . . . . . . . 12 . 34 7 20 AOE 84 | . . 2 . 4 . 15 . 2 1 . . 4 4 . . . . . . . . 4 9 . 4 . 3 . 4 11 17 Classes Destroyed 21 | 2 5 . . 1 2 . . 1 1 . . . 1 . . . . 1 . 1 2 . . . 1 . . . . 3 . Worker 18 | . 1 . . . . . 1 . . . . . . . 1 . . . . . . . . . . . . . 11 . 4 Builder 12 | . . . . . . . . . . . . . . . . . . . . . 2 . . . . 3 . . . . 7 Tunneler 9 | 5 2 . . . . . . . . . . . . . . . . . . . . . . . . 1 . . . . 1 Hauler 12 | . 2 . . . 4 . 3 . . . . . . 1 . . . 1 . . . . . . . . . . . . 1 Recycler 25 | 1 2 . . . 4 . 1 . 1 . . . . . . . . . . . 2 . . . . . . . 8 2 4 Mechanic 1 | . . . . . . . . . . . . . . . . . . . . . . . . . . . . . . 1 . Operator 4 | . . . . . . . . . 1 . . . . . . . . 1 1 . . . . . . . 1 . . . . Drone 2 | . . . . . . . . . . . . . . . . . . . . . . . . . 2 . . . . . . Watcher 24 | . 3 . . . 4 . 1 . 1 . . . . . 1 1 . . . . 1 . . . . 1 4 . 2 2 3 Swarmer 98 | . 5 3 . 4 6 8 4 6 6 . . . 4 . . . . . . 11 . 4 9 . 6 . 3 . 9 . 10 Saboteur 1 | . . . . . . . . . . . . . . . . . . . . . 1 . . . . . . . . . . Grunt 113 | . 6 2 . 1 11 9 8 5 8 . . . 2 3 3 1 . 1 . 9 15 3 . . 3 4 . . 6 5 8 Brawler 7 | . . . . . . . . . . . . . 1 . . . . . . 2 . . . . . . . . . 2 2 Duelist 17 | . . . . 1 1 . 1 . . . . . . . 2 . . . . . 2 1 . . 1 . 4 . 1 1 2 Protector 3 | . . . . . . . . . . . . . . . . . . . . . . . . . . . . . . 1 2 Researcher 1 | . . . . . . . . . . . . . . . . . . . . . . . . . . . . . . 1 . Sentry 36 | . . . . . 4 4 1 . 6 . . . . . 3 . . 3 . 3 3 1 1 . 1 . 1 . 5 . . Specialist 7 | . . . . . . . . . . . . . . . . . . . . 3 . . . . . . 1 . . 3 . Hunter 23 | . . . . . 1 1 1 2 . . 1 . . . . . . . . 1 2 . . . . . 2 . 6 . 6 Programmer 38 | . . . . . . . . 1 4 1 . . . . . 1 . . . 1 3 . . . . . 4 . 12 6 5 Behemoth 4 | . . . . . . . . . . . . . . . . . . 1 . 1 . . . . . . . . . . 2 Cetus Guard 4 | . . . . . . . . . . . . . . . . 4 . . . . . . . . . . . . . . . Enhanced Grunt 4 | . . . . . . . . . . . . 4 . . . . . . . . . . . . . . . . . . . Lightning 4 | . . . . . . . . . . . . . . . . . . 4 . . . . . . . . . . . . . Tracker 3 | . . . . . . . . . . . . . . . . . . . . . 1 . . . . . 2 . . . . Combat Programmer 1 | . . . . . . . . . . . . . . . . . . . . . . . . . . . 1 . . . . Butcher 2 | . . . . . . . . . . 1 . . . . 1 . . . . . . . . . . . . . . . . Guerrilla 1 | . . . . . . . . . . . . . . . 1 . . . . . . . . . . . . . . . . Best Kill Streak 20 | 4 3 3 . 4 4 7 4 3 5 1 1 4 4 3 3 3 . 3 1 11 7 4 5 . 4 4 4 . 12 10 20 Combat Bots Only 11 | . 3 3 . 4 3 7 4 3 5 1 1 4 4 3 3 3 . 3 . 11 5 4 5 . 4 4 3 . 9 9 11 Max Kills in Single Turn 5 | 1 1 1 . 3 2 4 1 2 1 1 1 1 2 2 2 1 . 1 1 3 2 4 3 . 2 2 3 . 4 3 5 Gunslinging 2 | . . . . . 1 . . . . . . . . 1 1 . . . . 2 1 . . . 1 1 . . . . . Exploded 4 | . . 1 . 3 . 4 . 2 1 . . 1 2 . . . . . . . . 4 3 . 1 . 3 . 3 3 4 Melee 1 | . . . . . . . . . . . . . . . . . . . . . . . . . . . . . 1 . . Uniques/NPCs Destroyed 1 | . . 1 . . . . . . . . . . . . . . . . . . . . . . . . . . . . . YI-UF0 (-10/Mines) Combat | -11 -10 -10 -10 -9 -8 -8 -8 -8 -7 -7 -7 -7 -6 -6 -6 -6 -6 -6 -5 -5 -4 -4 -4 -4 -3 -3 -3 -3 -2 -2 -1 -------- Run | Yrd Mat Min Exi Min Mat Gar Mat Gar Fac Low Low Dat Pro Fac Ext Cet Arc Hub Fac Gar Fac Upp Upp Zhi Pro Res Arm Lab Res Tes Acc Hostile Shots Fired 2442 | . 60 15 10 21 105 74 65 63 243 6 10 24 19 12 108 21 . 150 . 112 217 21 6 . 53 38 124 . 271 211 383 Missed 686 | . 17 3 1 5 27 21 13 16 104 1 2 12 8 . 31 6 . 20 . 30 69 5 3 . 13 8 29 . 85 61 96 Damage Taken 23836 | . 484 182 216 410 992 760 801 572 1473 75 85 481 174 194 758 238 . 3679 . 1694 2405 267 26 . 454 312 712 . 1933 1219 3240 Core 1319 | . 50 . 37 53 13 49 123 59 131 . . 46 8 . 56 23 . 168 . 71 152 36 9 . 12 18 33 . 48 68 56 Absorbed by Shields 7878 | . . . . . . . . 21 . . 31 86 64 73 244 149 . . . . 233 82 28 . 481 312 666 . 1677 923 2808 Reduced by Siege Mode 938 | . . . . . . . . . . . . . . . . 8 . 262 . 119 29 5 . . 9 9 63 . 155 56 223 Redirected to Shielding 23 | . . . 8 12 3 . . . . . . . . . . . . . . . . . . . . . . . . . . Ignored by Resistances 3343 | . . . . . 64 46 92 46 . . . . . . 60 . . 134 . 17 250 . . . . . 982 . 564 668 420 Regen/Repaired (Parts) 2307 | . . . . . 98 . . . . . . . . . . . . . . . . . . . . . . . 539 176 1494 Core Remaining (%) 78 | 100 . . . 44 . . . 55 . . . . 73 . . . . 70 . 92 . . . . 81 . . 89 . 86 96 Volleys Fired 1180 | 23 82 15 2 14 97 58 50 36 75 6 3 11 19 14 68 20 3 40 11 56 75 15 14 14 24 28 65 11 80 57 94 Largest 4 | 2 2 2 2 2 3 3 3 3 4 4 4 1 4 4 4 4 1 4 4 4 4 4 4 1 4 4 4 1 3 2 3 Hottest 297 | 40 100 76 76 100 101 106 145 71 150 97 97 39 102 102 105 133 7 140 133 138 136 131 126 35 126 123 213 120 238 203 297 Shots Fired 2734 | 46 160 27 4 25 281 120 143 102 230 21 12 11 34 35 168 46 3 143 14 169 225 42 20 14 83 55 128 13 135 75 150 Gun 2034 | 46 156 24 4 22 279 99 143 100 210 21 12 . 21 28 138 35 . 140 4 158 201 36 8 . 78 36 35 . . . . Cannon 589 | . . . . . . 2 . . 20 . . . 10 7 11 11 . 3 10 10 20 5 7 14 . 19 92 13 133 64 138 Launcher 78 | . . 3 . 2 . 19 . 2 . . . 11 3 . . . . . . 1 . 1 5 . 5 . 1 . 2 11 12 Special 33 | . 4 . . 1 2 . . . . . . . . . 19 . 3 . . . 4 . . . . . . . . . . Kinetic 2237 | 46 156 12 2 11 247 64 111 100 202 21 12 . 21 28 138 35 . 140 4 158 201 36 8 . 78 36 113 . 118 27 112 Thermal 375 | . 4 12 2 12 34 35 32 . 28 . . . 10 7 11 3 . 3 10 10 20 5 7 14 . 19 14 13 15 35 20 Explosive 78 | . . 3 . 2 . 19 . 2 . . . 11 3 . . . . . . 1 . 1 5 . 5 . 1 . 2 11 12 Electromagnetic 18 | . . . . . . 2 . . . . . . . . . 8 . . . . . . . . . . . . . 2 6 Robot Hit Streak 41 | 11 10 8 1 3 24 28 9 12 16 10 8 14 11 13 35 22 2 16 3 41 22 27 10 . 27 20 13 . 21 32 20 Robot Miss Streak 7 | 4 3 2 1 2 7 2 4 2 6 2 4 1 2 2 3 1 1 2 . 3 3 1 1 . 3 3 2 . 3 1 2 Penetration Max 1 | . . . . . . . . . 1 . . . . . 1 1 . 1 . 1 1 1 . . . 1 . . 1 . 1 Secondary Targets 34 | . 1 . . . 3 . . 2 1 . . . 2 1 1 1 . 2 . 11 6 . . . 1 2 . . . . . Max Gunslinging Chain 2 | . 1 . . . 1 . . 1 1 . . . 1 1 1 1 . 1 . 2 1 . . . 1 1 . . . . . Shots Hit Robots 1739 | 29 100 18 1 13 164 88 82 73 140 14 8 11 15 21 121 34 2 105 3 125 151 27 9 . 59 34 76 . 78 39 99 Core Hits 889 | 11 38 12 . 9 74 51 38 29 69 5 3 23 12 9 36 15 . 39 1 57 72 19 13 . 29 16 30 . 58 44 77 Critical Kills 33 | . . . . . . . . . . . . . . . . 4 . 3 . 9 12 1 . . 1 2 1 . . . . Critical Parts Destroyed 42 | 1 . . . . . . 1 . 2 . . . . . . . . 8 . 14 12 2 1 . 1 . . . . . . Critical Strikes 119 | 1 . . . . 1 5 4 . 2 . . . . . 1 4 . 15 . 25 24 3 1 . 2 2 9 . 10 . 10 Burn 9 | . . . . . 1 5 3 . . . . . . . . . . . . . . . . . . . . . . . . Meltdown 2 | . . . . . . . . . . . . . . . . . . . . . . . . . . 1 1 . . . . Destroy 80 | 1 . . . . . . 1 . 2 . . . . . 1 4 . 15 . 25 24 3 1 . 2 1 . . . . . Blast 27 | . . . . . . . . . . . . . . . . . . . . . . . . . . . 8 . 10 . 9 Corrupt 1 | . . . . . . . . . . . . . . . . . . . . . . . . . . . . . . . 1 Melee Attacks 35 | . . . . . . . 1 32 . . . 2 . . . . . . . . . . . . . . . . . . . Impact 33 | . . . . . . . 1 32 . . . . . . . . . . . . . . . . . . . . . . . Slashing 2 | . . . . . . . . . . . . 2 . . . . . . . . . . . . . . . . . . . Piercing . | . . . . . . . . . . . . . . . . . . . . . . . . . . . . . . . . Sneak Attacks 2 | . . . . . . . . . . . . 2 . . . . . . . . . . . . . . . . . . . Combat Hostiles . | . . . . . . . . . . . . . . . . . . . . . . . . . . . . . . . . Follow-up Attacks 1 | . . . . . . . . . . . . 1 . . . . . . . . . . . . . . . . . . . Damage Inflicted 71725 | 304 1129 518 31 346 2421 2514 1372 1216 2400 250 101 1744 551 461 2417 1541 . 3682 95 4074 4598 1145 887 . 1971 1074 5267 . 8315 6312 14989 Guns 30810 | 304 1122 261 31 188 2394 1040 1372 1087 2365 250 101 . 275 461 2191 1101 . 3677 95 4074 4564 760 195 . 1444 889 569 . . . . Cannons 24075 | . . . . . . . . . 35 . . . . . 225 210 . . . . 34 . . . . 177 4391 . 7305 2185 9513 Explosions 16398 | . . 257 . 158 . 1474 . 129 . . . 1577 276 . . 230 . . . . . 385 692 . 527 . 307 . 843 4067 5476 Melee 167 | . . . . . . . . . . . . 167 . . . . . . . . . . . . . . . . . . . Ramming 275 | . 7 . . . 27 . . . . . . . . . 1 . . 5 . . . . . . . 8 . . 167 60 . Kinetic 50669 | 304 1122 108 13 104 1854 580 1012 1087 2223 250 101 . 275 461 2191 1101 . 3677 95 4074 4564 760 195 . 1444 889 4916 . 6814 1556 8899 Thermal 3874 | . . 153 18 84 540 460 360 . 177 . . . . . 225 230 . . . . 34 . . . . 177 44 . 491 508 373 Explosive 16168 | . . 257 . 158 . 1474 . 129 . . . 1577 276 . . . . . . . . 385 692 . 527 . 307 . 843 4067 5476 Electromagnetic 572 | . . . . . . . . . . . . . . . . 210 . . . . . . . . . . . . . 121 241 Impact . | . . . . . . . . . . . . . . . . . . . . . . . . . . . . . . . . Slashing 167 | . . . . . . . . . . . . 167 . . . . . . . . . . . . . . . . . . . Piercing . | . . . . . . . . . . . . . . . . . . . . . . . . . . . . . . . . Highest Corruption 60 | . . . 2 2 . . . . . . . . . . 1 21 21 60 . . 2 2 2 2 2 . 9 9 4 5 2 Average Corruption 4 | . . . 2 2 . . . . . . . . . . 1 17 21 37 . . 1 2 2 2 2 . 3 9 1 1 1 Corruption Purged 5 | . . . . . . . . . . . . . . . . . . . . . . . . . . . . . . 5 . Corruption Blocked . | . . . . . . . . . . . . . . . . . . . . . . . . . . . . . . . . Effects 238 | . . . . 33 . . . . . . . . . . 3 20 3 37 . . 6 20 22 9 11 . 9 40 14 7 4 Message Errors 47 | . . . . 7 . . . . . . . . . . 2 5 . 3 . . . 3 5 3 3 . 1 10 2 3 . Matter Fused 63 | . . . . 7 . . . . . . . . . . 1 4 2 8 . . 2 8 5 2 4 . 1 11 5 1 2 Heat Flow Errors 26 | . . . . 6 . . . . . . . . . . . 1 . 3 . . 2 2 6 1 . . . 2 1 . 2 Energy Discharges 32 | . . . . 5 . . . . . . . . . . . 2 . 4 . . . 3 2 3 1 . 4 7 1 . . Parts Rejected 2 | . . . . . . . . . . . . . . . . . . 2 . . . . . . . . . . . . . Parts Fused 4 | . . . . . . . . . . . . . . . . 1 . 1 . . 1 . . . . . . 1 . . . Data Loss (minor) 24 | . . . . 3 . . . . . . . . . . . 2 1 2 . . 1 2 1 . . . 1 6 3 2 . Data Loss (major) 11 | . . . . 3 . . . . . . . . . . . 2 . 1 . . . 2 1 . . . 2 . . . . Misfires 7 | . . . . 1 . . . . . . . . . . . 1 . 1 . . . . . . 2 . . 2 . . . Alerts 9 | . . . . 1 . . . . . . . . . . . . . 2 . . . . 2 . 1 . . 1 1 1 . Misdirections 1 | . . . . . . . . . . . . . . . . . . 1 . . . . . . . . . . . . . Weapon Failures 12 | . . . . . . . . . . . . . . . . 2 . 9 . . . . . . . . . . 1 . . Overload Shots 3 | . . . . . . . . . . . . . . . 1 1 . . . 1 . . . . . . . . . . . Overflow Damage 3628 | . . . . . . 61 . . . . . 9 5 . . 31 . . . . 4 . 23 . 13 . 409 . 1047 400 1626 Projectiles 2996 | . . . . . . . . . . . . . . . . . . . . . 4 . . . . . 409 . 950 314 1319 Explosions 632 | . . . . . . 61 . . . . . 9 5 . . 31 . . . . . . 23 . 13 . . . 97 86 307 Melee . | . . . . . . . . . . . . . . . . . . . . . . . . . . . . . . . . Knockbacks 76 | . . . . . . . . . . . . . . . . . . . . . . . . . . . 24 . 20 7 25 Impact 4 | . . . . . . . . . . . . . . . . . . . . . . . . . . . . . 4 . . Kinetic 67 | . . . . . . . . . . . . . . . . . . . . . . . . . . . 24 . 14 6 23 Secondary 5 | . . . . . . . . . . . . . . . . . . . . . . . . . . . . . 2 1 2 Self-Inflicted Damage 401 | . . 21 . . . 49 . 24 . . . . 22 . . . . . . . . . . . 23 . 65 . 45 67 85 Shots 9 | . . 1 . . . 1 . 1 . . . . 1 . . . . . . . . . . . 1 . 1 . 1 1 1 Rammed 21 | . . . . . 2 . . . . . . . . . 1 . . 1 . . . . . . . 1 . . 13 3 . Targets Rammed 23 | . 2 . . . 2 . . . . . . . . . 1 . . 1 . . . . . . . 1 . . 13 3 . Kicked 2 | . 2 . . . . . . . . . . . . . . . . . . . . . . . . . . . . . . Crushed . | . . . . . . . . . . . . . . . . . . . . . . . . . . . . . . . . Highest Temperature 594 | . 40 142 15 243 324 244 346 17 318 81 58 . 153 3 408 132 . 209 . 21 174 281 281 107 48 62 308 219 594 106 244 Average Temperature 69 | . 12 55 10 64 47 81 110 5 53 36 34 . 88 3 75 49 . 39 . 7 19 68 94 57 24 21 87 41 136 30 34 Received Heat Transfer 4133 | . 237 90 . 42 477 234 162 126 429 . . . 42 83 431 8 . 396 . 498 407 81 4 . 39 83 4 . 74 102 84 Effects 20 | . . . . 1 1 . 2 . 3 . . . . . 1 . . . . . . . 1 . . . . . 11 . . Shutdowns 6 | . . . . . . . . . . . . . . . . . . . . . . . . . . . . . 6 . . Energy Bleed 3 | . . . . . . . . . . . . . . . . . . . . . . . 1 . . . . . 2 . . Interference 6 | . . . . 1 . . 2 . 3 . . . . . . . . . . . . . . . . . . . . . . Matter Decay 2 | . . . . . 1 . . . . . . . . . . . . . . . . . . . . . . . 1 . . Short Circuit 1 | . . . . . . . . . . . . . . . . . . . . . . . . . . . . . 1 . . Damage (minor) 2 | . . . . . . . . . . . . . . . 1 . . . . . . . . . . . . . 1 . . Siege Activations 60 | . . . . . . . . . . . . . . . . 2 . 4 . 8 6 2 2 . 3 1 8 . 9 5 10 Total Turns 1405 | . . . . . . . . . . . . . . . . 21 . 127 . 210 79 31 24 . 75 32 230 . 178 147 251 Longest Duration 108 | . . . . . . . . . . . . . . . . 18 . 81 . 108 27 16 13 . 56 32 100 . 51 58 90 Robots Corrupted 1 | . . . . . . . . . . . . . . . . 1 . . . . . . . . . . . . . . . Combat Hostiles 1 | . . . . . . . . . . . . . . . . 1 . . . . . . . . . . . . . . . Parts Fried 3 | . . . . . . . . . . . . . . . . . . . . . . . . . . . . . . 1 2 Impact Corruptions . | . . . . . . . . . . . . . . . . . . . . . . . . . . . . . . . . Robots Melted 2 | . . . . . . . . . . . . . . . . . . . . . . . . . . 1 1 . . . . Combat Hostiles . | . . . . . . . . . . . . . . . . . . . . . . . . . . . . . . . . Parts Melted 12 | . . . . . 1 1 2 . . . . . . . . . . . . 1 1 . . . 1 1 2 . 1 1 . Heat Transferred 5743 | . . 333 37 185 1073 1221 888 . 259 . . . . . 222 150 . . . . 50 . . . . 250 37 . 409 333 296 Parts Sabotaged 1 | . . . . . . . . . . . . . . . . . . . . . . . . . . . 1 . . . . Parts Stolen . | . . . . . . . . . . . . . . . . . . . . . . . . . . . . . . . . Parts Stripped . | . . . . . . . . . . . . . . . . . . . . . . . . . . . . . . . . Power Chain Reactions 1 | . . . . . . . . . . . . . . . . 1 . . . . . . . . . . . . . . . Alert | -11 -10 -10 -10 -9 -8 -8 -8 -8 -7 -7 -7 -7 -6 -6 -6 -6 -6 -6 -5 -5 -4 -4 -4 -4 -3 -3 -3 -3 -2 -2 -1 ------- Run | Yrd Mat Min Exi Min Mat Gar Mat Gar Fac Low Low Dat Pro Fac Ext Cet Arc Hub Fac Gar Fac Upp Upp Zhi Pro Res Arm Lab Res Tes Acc Peak Influence 1876 | 30 225 92 . 109 325 837 597 675 483 . . . . 142 519 710 239 425 169 976 905 . . . . 252 442 . 1263 1474 1876 Initial 851 | . 19 12 . . . 112 407 35 354 . . . . 56 . 290 239 83 156 5 512 . . . . 74 132 . . 663 851 Average 359 | 17 71 20 . 23 145 446 362 380 329 . . . . 91 190 571 239 281 78 568 649 . . . . 156 171 . 575 967 1329 Maximum Alert Level 5 | . 1 . . . 1 3 2 2 2 . . . . . 2 3 1 2 . 3 3 . . . . 1 2 . 4 4 5 Low Security (%) 39 | 100 98 100 . 100 67 2 5 17 7 . . . . 100 71 . . 17 100 11 . . . . . 61 64 . 27 . . Level 1 27 | . 1 . . . 32 58 52 37 78 . . . . . 7 9 100 78 . 8 9 . . . . 38 27 . 8 . . Level 2 19 | . . . . . . 20 41 44 14 . . . . . 21 84 . 4 . 42 50 . . . . . 7 . 27 10 . Level 3 9 | . . . . . . 19 . . . . . . . . . 5 . . . 37 39 . . . . . . . 18 53 39 Level 4 3 | . . . . . . . . . . . . . . . . . . . . . . . . . . . . . 17 35 21 Level 5 1 | . . . . . . . . . . . . . . . . . . . . . . . . . . . . . . . 32 High Security . | . . . . . . . . . . . . . . . . . . . . . . . . . . . . . . . 5 Max Security . | . . . . . . . . . . . . . . . . . . . . . . . . . . . . . . . . Squads Dispatched 46 | . 3 . . 1 2 . 2 . 6 . . . . . 2 . . 1 1 . 5 . . . . 1 5 . 2 8 7 Investigation 5 | . 2 . . 1 . . . . . . . . . . 1 . . . . . . . . . . . . . . . 1 Extermination 11 | . . . . . . . . . 3 . . . . . . . . . . . 1 . . . . 1 1 . 2 2 1 Reinforcement 9 | . 1 . . . 2 . 2 . . . . . . . 1 . . 1 . . . . . . . . . . . . 2 Assault 9 | . . . . . . . . . . . . . . . . . . . . . 2 . . . . . 1 . . 3 3 Garrison 4 | . . . . . . . . . 3 . . . . . . . . . 1 . . . . . . . . . . . . Intercept 8 | . . . . . . . . . . . . . . . . . . . . . 2 . . . . . 3 . . 3 . Searches Triggered 1 | . . . . . . . . . . . . . . . . . . . . . . . . . . . . . 1 . . Construction Impeded 3 | . . . . . . . . . . . . . . . 1 . . 1 . . . . . . . . . . . . 1 Haulers Reinforced 1 | . . . . . . . . . . . . . . . . . . . . . . . . . . . . . . . 1 Active Scanning Responses . | . . . . . . . . . . . . . . . . . . . . . . . . . . . . . . . . Cargo Convoy Interrupts . | . . . . . . . . . . . . . . . . . . . . . . . . . . . . . . . . Stealth | -11 -10 -10 -10 -9 -8 -8 -8 -8 -7 -7 -7 -7 -6 -6 -6 -6 -6 -6 -5 -5 -4 -4 -4 -4 -3 -3 -3 -3 -2 -2 -1 --------- Run | Yrd Mat Min Exi Min Mat Gar Mat Gar Fac Low Low Dat Pro Fac Ext Cet Arc Hub Fac Gar Fac Upp Upp Zhi Pro Res Arm Lab Res Tes Acc Distress Signals 23 | . 1 . . 2 6 . 3 . 1 . . . . . 2 2 . . . . 1 . . . . . 1 . . . 4 Communications Jammed 114 | . . . . . . . . . . . . . . . . . . . . . 8 . . . 2 1 24 . 78 1 . Distress Signals 112 | . . . . . . . . . . . . . . . . . . . . . 8 . . . . 1 24 . 78 1 . Times Spotted 528 | . 21 5 2 10 44 21 24 15 32 1 1 4 5 3 31 18 . 21 . 34 35 6 4 . 13 7 28 . 54 35 54 Peak Tracking Total 10 | . 4 3 5 4 7 5 7 3 6 1 1 4 4 3 10 5 . 6 . 9 6 2 2 . 3 4 5 . 9 10 10 Tactical Retreats 24 | . 3 . 1 1 5 . 1 2 2 . . . . . . . . . . 1 1 . . . 1 . 2 . 1 2 1 Traps | -11 -10 -10 -10 -9 -8 -8 -8 -8 -7 -7 -7 -7 -6 -6 -6 -6 -6 -6 -5 -5 -4 -4 -4 -4 -3 -3 -3 -3 -2 -2 -1 ------- Run | Yrd Mat Min Exi Min Mat Gar Mat Gar Fac Low Low Dat Pro Fac Ext Cet Arc Hub Fac Gar Fac Upp Upp Zhi Pro Res Arm Lab Res Tes Acc Traps Triggered 21 | . . . . . . 3 . 7 2 . . . . 1 . . . . . 4 . . . . . . 2 . 1 . 1 Indirectly . | . . . . . . . . . . . . . . . . . . . . . . . . . . . . . . . . Trap Hack Attempts . | . . . . . . . . . . . . . . . . . . . . . . . . . . . . . . . . Triggered . | . . . . . . . . . . . . . . . . . . . . . . . . . . . . . . . . Disarmed . | . . . . . . . . . . . . . . . . . . . . . . . . . . . . . . . . Reprogrammed . | . . . . . . . . . . . . . . . . . . . . . . . . . . . . . . . . Reused . | . . . . . . . . . . . . . . . . . . . . . . . . . . . . . . . . Traps Extracted . | . . . . . . . . . . . . . . . . . . . . . . . . . . . . . . . . Installed . | . . . . . . . . . . . . . . . . . . . . . . . . . . . . . . . . Triggered . | . . . . . . . . . . . . . . . . . . . . . . . . . . . . . . . . Machines | -11 -10 -10 -10 -9 -8 -8 -8 -8 -7 -7 -7 -7 -6 -6 -6 -6 -6 -6 -5 -5 -4 -4 -4 -4 -3 -3 -3 -3 -2 -2 -1 ---------- Run | Yrd Mat Min Exi Min Mat Gar Mat Gar Fac Low Low Dat Pro Fac Ext Cet Arc Hub Fac Gar Fac Upp Upp Zhi Pro Res Arm Lab Res Tes Acc Machines Disabled 59 | . . . 1 . 1 . 1 1 2 1 . . . . 2 2 . 7 . 6 8 . . 1 . . 6 4 4 9 3 Max in Single Turn 5 | . . . 1 . 1 . 1 1 1 1 . . . . 1 1 . 2 . 2 5 . . 1 . . 1 1 1 4 1 Garrison Access 7 | . . . . . . . . . 2 . . . . . . . . 1 . . 1 . . . . . . . 2 1 . Garrison Relay 3 | . . . . . . . . 1 . . . . . . . . . . . 2 . . . . . . . . . . . Network Hub 1 | . . . . . . . . . . . . . . . . . . 1 . . . . . . . . . . . . . Machines Repaired . | . . . . . . . . . . . . . . . . . . . . . . . . . . . . . . . . Machines Dismantled . | . . . . . . . . . . . . . . . . . . . . . . . . . . . . . . . . Machines Sabotaged . | . . . . . . . . . . . . . . . . . . . . . . . . . . . . . . . . Overloaded Fab Kills . | . . . . . . . . . . . . . . . . . . . . . . . . . . . . . . . . Hacking | -11 -10 -10 -10 -9 -8 -8 -8 -8 -7 -7 -7 -7 -6 -6 -6 -6 -6 -6 -5 -5 -4 -4 -4 -4 -3 -3 -3 -3 -2 -2 -1 --------- Run | Yrd Mat Min Exi Min Mat Gar Mat Gar Fac Low Low Dat Pro Fac Ext Cet Arc Hub Fac Gar Fac Upp Upp Zhi Pro Res Arm Lab Res Tes Acc Machines Accessed 91 | . 8 . 2 1 6 1 8 1 8 3 1 4 . . 5 . 1 5 3 4 7 1 1 4 . 1 3 2 4 6 1 Terminals 52 | . 6 . . . 4 1 6 1 5 . . . . . 5 . . 4 2 4 4 . . . . 1 2 . 2 4 1 Fabricators 2 | . . . . . . . . . . . . . . . . . . . . . 1 . . . . . . . . 1 . Repair Stations 3 | . . . . . 1 . . . 1 . . . . . . . . . . . 1 . . . . . . . . . . Recycling Units 4 | . 2 . . . . . 1 . . . . . . . . . . . . . . . . . . . 1 . . . . Scanalyzers . | . . . . . . . . . . . . . . . . . . . . . . . . . . . . . . . . Garrison Access 10 | . . . . . 1 . 1 . 2 . . . . . . . . 1 1 . 1 . . . . . . . 2 1 . Total Hacks 311 | . 17 . 2 1 16 1 24 2 18 9 1 30 . . 11 . 25 17 10 9 24 1 1 13 . 4 14 21 15 23 2 Successful 171 | . 8 . 2 1 9 1 6 1 3 9 1 30 . . 4 . 25 5 5 3 10 1 1 13 . 1 5 21 3 3 . Failed 140 | . 9 . . . 7 . 18 1 15 . . . . . 7 . . 12 5 6 14 . . . . 3 9 . 12 20 2 Catastrophic 39 | . 2 . . . 1 . 5 . 5 . . . . . . . . 2 1 3 4 . . . . 1 2 . 5 7 1 Database Lockouts . | . . . . . . . . . . . . . . . . . . . . . . . . . . . . . . . . Manual 115 | . 11 . 1 . 10 . 13 . 13 . . . . . 2 . 1 8 8 . 14 . . . . 3 5 . 13 13 . Terminals 170 | . 14 . . . 13 1 20 2 14 . . . . . 11 . . 16 9 9 18 . . . . 4 7 . 13 17 2 Fabricators 7 | . . . . . . . . . . . . . . . . . . . . . 2 . . . . . . . . 5 . Repair Stations 7 | . . . . . 2 . . . 2 . . . . . . . . . . . 3 . . . . . . . . . . Recycling Units 13 | . 3 . . . . . 3 . . . . . . . . . . . . . . . . . . . 7 . . . . Scanalyzers . | . . . . . . . . . . . . . . . . . . . . . . . . . . . . . . . . Garrison Access 10 | . . . . . 1 . 1 . 2 . . . . . . . . 1 1 . 1 . . . . . . . 2 1 . Terminal Hacks 136 | . 4 . 2 1 3 1 4 1 . 9 1 30 . . 3 . 25 2 3 3 4 1 1 13 . 1 2 21 1 . . Record 71 | . . . 1 . . . . . . 7 . 11 . . . . 25 . 1 . . . . 5 . . . 21 . . . Part Schematic 15 | . . . . . . . . . . . . 11 . . . . . . . . . . . 4 . . . . . . . Robot Schematic 5 | . . . . . . . . . . . . 5 . . . . . . . . . . . . . . . . . . . Prototype ID Bank 7 | . . . . . . . . . . . . 3 . . . . . . . . . . . 4 . . . . . . . Open Door 9 | . . . . 1 . . . . . 2 1 . . . 3 . . . . . . 1 1 . . . . . . . . Branch Access Points 4 | . . . . . . . 1 . . . . . . . . . . . . . 1 . . . . 1 . . 1 . . Emergency Access Points 3 | . . . . . . 1 . 1 . . . . . . . . . . . 1 . . . . . . . . . . . Terminal Index 1 | . 1 . . . . . . . . . . . . . . . . . . . . . . . . . . . . . . Alert Level 2 | . . . . . . . . . . . . . . . . . . 1 . . . . . . . . 1 . . . . Unreport Threat 8 | . . . . . 2 . 2 . . . . . . . . . . . 2 . 2 . . . . . . . . . . Locate Traps 4 | . 3 . . . . . 1 . . . . . . . . . . . . . . . . . . . . . . . . Hauler Manifests 3 | . . . . . 1 . . . . . . . . . . . . . . . 1 . . . . . 1 . . . . Zone Layout 1 | . . . . . . . . . . . . . . . . . . 1 . . . . . . . . . . . . . Garrison Registry 1 | . . . . . . . . . . . . . . . . . . . . 1 . . . . . . . . . . . Security Stations 1 | . . . . . . . . . . . . . . . . . . . . 1 . . . . . . . . . . . Derelict Proto ID Bank 1 | . . . 1 . . . . . . . . . . . . . . . . . . . . . . . . . . . . Fabricator Hacks . | . . . . . . . . . . . . . . . . . . . . . . . . . . . . . . . . Repair Station Hacks 3 | . . . . . 2 . . . . . . . . . . . . . . . 1 . . . . . . . . . . Scan Component 2 | . . . . . 1 . . . . . . . . . . . . . . . 1 . . . . . . . . . . Repair 1 | . . . . . 1 . . . . . . . . . . . . . . . . . . . . . . . . . . Recycling Unit Hacks 3 | . . . . . . . 1 . . . . . . . . . . . . . . . . . . . 2 . . . . Report Inventory 1 | . . . . . . . . . . . . . . . . . . . . . . . . . . . 1 . . . . Retrieve Matter 1 | . . . . . . . . . . . . . . . . . . . . . . . . . . . 1 . . . . Retrieve Components 1 | . . . . . . . 1 . . . . . . . . . . . . . . . . . . . . . . . . Scanalyzer . | . . . . . . . . . . . . . . . . . . . . . . . . . . . . . . . . Garrison Access Hacks 10 | . . . . . 1 . 1 . 2 . . . . . . . . 1 1 . 1 . . . . . . . 2 1 . Unlock Access 3 | . . . . . 1 . 1 . . . . . . . . . . . 1 . . . . . . . . . . . . Seal Access 7 | . . . . . . . . . 2 . . . . . . . . 1 . . 1 . . . . . . . 2 1 . Unauthorized Hacks 19 | . 4 . . . 3 . . . 1 . . . . . 1 . . 2 1 . 4 . . . . . 1 . . 2 . Terminals 16 | . 2 . . . 3 . . . 1 . . . . . 1 . . 2 1 . 3 . . . . . 1 . . 2 . Assimilate 5 | . . . . . 1 . . . . . . . . . 1 . . 1 . . 2 . . . . . . . . . . Botnet 3 | . 1 . . . 1 . . . . . . . . . . . . . . . . . . . . . . . . 1 . Operators 8 | . 1 . . . 1 . . . 1 . . . . . . . . 1 1 . 1 . . . . . 1 . . 1 . Fabricators 1 | . . . . . . . . . . . . . . . . . . . . . 1 . . . . . . . . . . Haulers 1 | . . . . . . . . . . . . . . . . . . . . . 1 . . . . . . . . . . Repair Stations . | . . . . . . . . . . . . . . . . . . . . . . . . . . . . . . . . Recycling Units 2 | . 2 . . . . . . . . . . . . . . . . . . . . . . . . . . . . . . Tunnel 2 | . 2 . . . . . . . . . . . . . . . . . . . . . . . . . . . . . . Scanalyzers . | . . . . . . . . . . . . . . . . . . . . . . . . . . . . . . . . Garrison Access . | . . . . . . . . . . . . . . . . . . . . . . . . . . . . . . . . Data Cores Recovered 2 | . . . . . . . . . 1 . . . . . . . . 1 . . . . . . . . . . . . . Used . | . . . . . . . . . . . . . . . . . . . . . . . . . . . . . . . . Hacking Detections 52 | . 5 . . . 4 . 8 1 6 . . . . . 4 . . 4 2 3 5 . . . . 1 1 . 2 5 1 Full Trace Events 1 | . . . . . . . . . . . . . . . 1 . . . . . . . . . . . . . . . . Feedback Events 1 | . . . . . . . . . . . . . . . 1 . . . . . . . . . . . . . . . . Corruption 1 | . . . . . . . . . . . . . . . 1 . . . . . . . . . . . . . . . . Feedback Blocked . | . . . . . . . . . . . . . . . . . . . . . . . . . . . . . . . . Robot Schematics Acquired 5 | . . . . . . . . . . . . 5 . . . . . . . . . . . . . . . . . . . Robots Built . | . . . . . . . . . . . . . . . . . . . . . . . . . . . . . . . . Authchips . | . . . . . . . . . . . . . . . . . . . . . . . . . . . . . . . . Time . | . . . . . . . . . . . . . . . . . . . . . . . . . . . . . . . . Total Robot Build Rating . | . . . . . . . . . . . . . . . . . . . . . . . . . . . . . . . . Part Schematics Acquired 15 | . . . . . . . . . . . . 11 . . . . . . . . . . . 4 . . . . . . . Parts Built . | . . . . . . . . . . . . . . . . . . . . . . . . . . . . . . . . Authchips . | . . . . . . . . . . . . . . . . . . . . . . . . . . . . . . . . Time . | . . . . . . . . . . . . . . . . . . . . . . . . . . . . . . . . Total Part Build Rating . | . . . . . . . . . . . . . . . . . . . . . . . . . . . . . . . . Parts Repaired 1 | . . . . . 1 . . . . . . . . . . . . . . . . . . . . . . . . . . Time 32 | . . . . . 32 . . . . . . . . . . . . . . . . . . . . . . . . . . Parts Recycled . | . . . . . . . . . . . . . . . . . . . . . . . . . . . . . . . . Recycled Matter . | . . . . . . . . . . . . . . . . . . . . . . . . . . . . . . . . Retrieved Matter . | . . . . . . . . . . . . . . . . . . . . . . . . . . . . . . . . Retrieved Components . | . . . . . . . . . . . . . . . . . . . . . . . . . . . . . . . . Parts Scanalyzed . | . . . . . . . . . . . . . . . . . . . . . . . . . . . . . . . . Part Schematics Acquired . | . . . . . . . . . . . . . . . . . . . . . . . . . . . . . . . . Parts Damaged . | . . . . . . . . . . . . . . . . . . . . . . . . . . . . . . . . Bothacking | -11 -10 -10 -10 -9 -8 -8 -8 -8 -7 -7 -7 -7 -6 -6 -6 -6 -6 -6 -5 -5 -4 -4 -4 -4 -3 -3 -3 -3 -2 -2 -1 ------------ Run | Yrd Mat Min Exi Min Mat Gar Mat Gar Fac Low Low Dat Pro Fac Ext Cet Arc Hub Fac Gar Fac Upp Upp Zhi Pro Res Arm Lab Res Tes Acc Used RIF Installer 3 | . . . . . . 1 . 1 . . . . . . . . . . . 1 . . . . . . . . . . . Hotswap 1 | . . . . . . . . . . . . . . . . . . . . 1 . . . . . . . . . . . Zone Cloak 1 | . . . . . . . . 1 . . . . . . . . . . . . . . . . . . . . . . . Robots Hacked 4 | . . . . . . . . . . . . . . . . . 2 . . . 2 . . . . . . . . . . Non-combat 2 | . . . . . . . . . . . . . . . . . . . . . 2 . . . . . . . . . . Combat 2 | . . . . . . . . . . . . . . . . . 2 . . . . . . . . . . . . . . Robot Hacks Applied 4 | . . . . . . . . . . . . . . . . . 2 . . . 2 . . . . . . . . . . parse_system 3 | . . . . . . . . . . . . . . . . . 2 . . . 1 . . . . . . . . . . relay_feed 1 | . . . . . . . . . . . . . . . . . . . . . 1 . . . . . . . . . . Relay Couplers Released 22 | . . . . . . . . 8 . . . . . . . . . . . 11 . . . . . . . . . . 3 Machine Destruction 12 | . . . . . . . . 5 . . . . . . . . . . . 7 . . . . . . . . . . . Programmers 10 | . . . . . . . . 3 . . . . . . . . . . . 4 . . . . . . . . . . 3 Attached 1 | . . . . . . . . . . . . . . . . . . . . . 1 . . . . . . . . . . Fabnet Peak Effective % . | . . . . . . . . . . . . . . . . . . . . . . . . . . . . . . . . Robots Rewired 11 | . . . . . . . . . . . . . . . 8 . . . . 3 . . . . . . . . . . . Allies Hacked . | . . . . . . . . . . . . . . . . . . . . . . . . . . . . . . . . Hacks Repelled . | . . . . . . . . . . . . . . . . . . . . . . . . . . . . . . . . Allies | -11 -10 -10 -10 -9 -8 -8 -8 -8 -7 -7 -7 -7 -6 -6 -6 -6 -6 -6 -5 -5 -4 -4 -4 -4 -3 -3 -3 -3 -2 -2 -1 -------- Run | Yrd Mat Min Exi Min Mat Gar Mat Gar Fac Low Low Dat Pro Fac Ext Cet Arc Hub Fac Gar Fac Upp Upp Zhi Pro Res Arm Lab Res Tes Acc Total Allies 23 | . . 3 . . 1 . . . . . . . . . 15 . . . . 3 1 . . . . . . . . . . Largest Group 14 | . . 3 3 2 1 . . . . . . . . . 14 7 1 . . 3 1 . . . . . . . . . . Highest-Rated Group 527 | . . 40 40 24 10 . . . . . . . . . 527 345 159 . . 130 10 . . . . . . . . . . Highest-Rated Ally 159 | . . 16 16 16 10 . . . . . . . . . 159 159 159 . . 46 10 . . . . . . . . . . Total Orders 8 | . . . . 1 . . . . . . . . . . 2 5 . . . . . . . . . . . . . . . STAY 5 | . . . . 1 . . . . . . . . . . 1 3 . . . . . . . . . . . . . . . FOLLOW 3 | . . . . . . . . . . . . . . . 1 2 . . . . . . . . . . . . . . . Ally Attacks 177 | . . . 5 8 . . . . . . . . . . 110 48 . . . 6 . . . . . . . . . . . Total Damage 3797 | . . . 33 80 . . . . . . . . . . 2405 1168 . . . 111 . . . . . . . . . . . Kills 35 | . . . . . . . . . . . . . . . 19 15 . . . 1 . . . . . . . . . . . Allies Corrupted . | . . . . . . . . . . . . . . . . . . . . . . . . . . . . . . . . Allies Melted 2 | . . . . . . . . . . . . . . . 1 . . . . 1 . . . . . . . . . . . Intel | -11 -10 -10 -10 -9 -8 -8 -8 -8 -7 -7 -7 -7 -6 -6 -6 -6 -6 -6 -5 -5 -4 -4 -4 -4 -3 -3 -3 -3 -2 -2 -1 ------- Run | Yrd Mat Min Exi Min Mat Gar Mat Gar Fac Low Low Dat Pro Fac Ext Cet Arc Hub Fac Gar Fac Upp Upp Zhi Pro Res Arm Lab Res Tes Acc Robot Analysis Total 134 | . . . . . . . . . . . . 134 . . . . . . . . . . . . . . . . . . . Derelict Logs Recovered 7 | . . 1 . 1 . . . . . . 1 . 1 . . . . . . . . 1 2 . . . . . . . . Drone Launches . | . . . . . . . . . . . . . . . . . . . . . . . . . . . . . . . . Drone Recoveries . | . . . . . . . . . . . . . . . . . . . . . . . . . . . . . . . . Exploration | -11 -10 -10 -10 -9 -8 -8 -8 -8 -7 -7 -7 -7 -6 -6 -6 -6 -6 -6 -5 -5 -4 -4 -4 -4 -3 -3 -3 -3 -2 -2 -1 ------------- Run | Yrd Mat Min Exi Min Mat Gar Mat Gar Fac Low Low Dat Pro Fac Ext Cet Arc Hub Fac Gar Fac Upp Upp Zhi Pro Res Arm Lab Res Tes Acc Turns Passed 36865 | 152 1676 983 533 2130 2278 1279 1908 1950 3459 1438 849 220 958 452 1174 442 75 513 372 1671 1516 1641 1218 710 737 366 1270 1285 1609 1030 971 Spaces Moved 15201 | 62 1068 662 377 738 776 473 714 459 1338 834 622 112 643 277 635 158 44 186 196 586 428 821 609 350 296 140 344 290 429 302 232 Core . | . . . . . . . . . . . . . . . . . . . . . . . . . . . . . . . . Treads 3639 | . . . . . 472 73 . 4 2 . . . . . 1 132 44 186 196 586 369 . . . . . 321 290 429 302 232 Legs 428 | 62 366 . . . . . . . . . . . . . . . . . . . . . . . . . . . . . . Wheels 11134 | . 702 662 377 738 304 400 714 455 1336 834 622 112 643 277 634 26 . . . . 59 821 609 350 296 140 23 . . . . Hover . | . . . . . . . . . . . . . . . . . . . . . . . . . . . . . . . . Flight . | . . . . . . . . . . . . . . . . . . . . . . . . . . . . . . . . Fastest Speed 105 | 120 105 105 105 140 190 210 210 210 225 125 125 140 140 140 140 160 160 160 160 160 175 175 175 160 190 190 190 250 241 241 241 Average Speed 188 | 120 123 138 139 195 227 215 224 218 229 167 133 140 140 140 146 206 160 160 160 224 246 175 184 181 190 190 245 250 244 241 241 Slowest Speed 650 | 120 145 145 145 215 235 312 240 325 325 225 140 140 140 140 650 246 160 160 160 240 320 190 190 190 190 190 250 250 250 430 241 Overloaded Moves . | . . . . . . . . . . . . . . . . . . . . . . . . . . . . . . . . Propulsion Burnouts . | . . . . . . . . . . . . . . . . . . . . . . . . . . . . . . . . Robots Hopped . | . . . . . . . . . . . . . . . . . . . . . . . . . . . . . . . . Cave-ins Triggered . | . . . . . . . . . . . . . . . . . . . . . . . . . . . . . . . . Teleports 2 | . . . . . . . . . . . . . . . . . . . . . . . . . . . 1 . 1 . . Exploration Rate (%) 57 | 5 98 95 71 91 72 67 52 54 33 87 77 79 74 8 73 65 64 29 6 76 19 83 88 85 58 8 33 96 20 55 10 Regions Visited 31 Branch Regions 18 Pre-discovered Areas 32 | . 2 . 1 . . . . . . . . 24 . . . . . . . . . 1 1 3 . . . . . . . Known Exits Taken 9 | . . . . . 1 . 1 . 1 . . . 1 . . . . . 1 . 1 . . . 1 1 . . 1 . . Unknown Exits Taken 19 | 1 1 1 1 1 . . . . . 1 1 1 . 1 1 1 1 1 . . . 1 1 1 . . 1 1 . 1 . Scrap Searched 13 | . . 3 . 2 . . . . . 2 1 . 1 . . . . . . . . 2 1 . 1 . . . . . . Spaces Dug 365 | . 3 12 . 8 2 16 . 11 15 . . . 15 6 1 . . 10 5 9 22 3 5 5 59 5 27 3 18 97 8 Terrain Destroyed 1152 | . 4 22 . 13 2 106 . 16 16 . . 32 33 7 3 24 . 51 10 9 101 37 47 13 114 9 77 3 72 199 132 Melee 3 | . . . . . . . . 3 . . . . . . . . . . . . . . . . . . . . . . . Projectile 383 | . 4 . . 1 2 1 . . 16 . . . 10 7 3 8 . 51 10 . 62 14 8 13 11 9 42 3 48 30 30 AOE 764 | . . 22 . 12 . 105 . 13 . . . 32 23 . . 16 . . . 9 39 23 39 . 102 . 34 . 24 169 102 Terrain Rammed . | . . . . . . . . . . . . . . . . . . . . . . . . . . . . . . . . Walls Destroyed . | . . . . . . . . . . . . . . . . . . . . . . . . . . . . . . . . Machines Disabled . | . . . . . . . . . . . . . . . . . . . . . . . . . . . . . . . . Actions | -11 -10 -10 -10 -9 -8 -8 -8 -8 -7 -7 -7 -7 -6 -6 -6 -6 -6 -6 -5 -5 -4 -4 -4 -4 -3 -3 -3 -3 -2 -2 -1 --------- Run | Yrd Mat Min Exi Min Mat Gar Mat Gar Fac Low Low Dat Pro Fac Ext Cet Arc Hub Fac Gar Fac Upp Upp Zhi Pro Res Arm Lab Res Tes Acc Total 21041 | 97 1266 698 381 1401 1071 642 923 1284 1594 857 639 163 673 317 775 243 47 302 241 826 731 986 682 413 416 194 616 844 759 505 455 Wait 3356 | 12 60 6 . 613 111 75 101 713 102 2 1 12 5 9 14 30 . 40 24 114 140 124 43 29 79 15 92 498 143 81 68 Move 15172 | 61 1067 661 376 737 775 472 713 458 1337 833 621 111 642 276 634 157 43 185 196 585 427 820 608 349 295 140 343 289 428 302 231 Hop . | . . . . . . . . . . . . . . . . . . . . . . . . . . . . . . . . Pick Up 251 | . 17 4 1 13 21 2 13 6 15 2 4 7 . 8 14 7 . 7 3 14 23 4 3 4 2 1 19 8 8 11 10 Fast Attach 104 | 1 5 . . 1 7 6 3 1 5 1 2 . . . 5 7 . 4 . 6 . 1 . 6 3 . 15 8 11 6 . Attach 125 | . 4 2 . 7 7 1 4 3 7 . 1 5 . 2 6 . . 7 2 4 14 2 . 1 1 2 9 7 9 6 12 Detach 47 | . 2 . . . 2 . . 1 1 . 1 . . . . . . 1 . . 2 1 . 1 . . 9 7 5 4 10 Swap 414 | . 15 8 1 10 24 11 16 12 28 9 1 5 6 6 21 6 1 11 3 16 39 16 11 1 8 8 30 4 46 20 21 Drop 286 | . 12 2 1 6 25 9 22 5 19 4 5 11 1 2 12 16 . 6 2 10 11 3 3 8 4 . 34 12 16 16 9 Fire 1180 | 23 82 15 2 14 97 58 50 36 75 6 3 11 19 14 68 20 3 40 11 56 75 15 14 14 24 28 65 11 80 57 94 Melee 34 | . . . . . . . 1 32 . . . 1 . . . . . . . . . . . . . . . . . . . Ram . | . . . . . . . . . . . . . . . . . . . . . . . . . . . . . . . . Kick 2 | . 2 . . . . . . . . . . . . . . . . . . . . . . . . . . . . . . Crush 19 | . . . . . 2 . . . . . . . . . 1 . . 1 . . . . . . . . . . 13 2 . Escape Stasis 36 | . . . . . . 8 . 17 5 . . . . . . . . . . 6 . . . . . . . . . . . Rewire 15 | . . . . . . . . . . . . . . . . . . . . 15 . . . . . . . . . . . Trap . | . . . . . . . . . . . . . . . . . . . . . . . . . . . . . . . . Miscellaneous . | . . . . . . . . . . . . . . . . . . . . . . . . . . . . . . . . Route ------- -11/Scrapyard -10/Materials (discovered 4 exits: [*Mat x3] / [*Min]) -10/Mines (discovered 3 exits: [*Mat x2] / *Exi) -10/Exiles (discovered 2 exits: *Min x2) -9/Mines -8/Materials (discovered 2 exits: *Fac / Gar) -8/Garrison (discovered 2 exits: *Mat x2) -8/Materials (discovered 2 exits: *Fac / Gar) -8/Garrison (discovered 2 exits: *Fac x2) -7/Factory (discovered 2 exits: *Sto / *Low) -7/Lower Caves -7/Lower Caves (discovered 2 exits: *Fac / *Dat) -7/Data Miner -6/Proximity Caves -6/Factory -6/Extension (discovered 2 exits: *Fac / [*Cet]) -6/Cetus (discovered 2 exits: *Fac / *Arc) -6/Archives -6/Hub_04(d) -5/Factory -5/Garrison (discovered 3 exits: *Fac x3) -4/Factory (discovered 3 exits: *Res / *Upp x2) -4/Upper Caves -4/Upper Caves (discovered 2 exits: *Res / *Zhi) -4/Zhirov -3/Proximity Caves -3/Research (discovered 3 exits: *Arm / Qua x2) -3/Armory (discovered 2 exits: Res / *Lab) -3/Lab -2/Research (discovered 3 exits: *Acc / *Tes x2) -2/Testing -1/Access To Epsilon Eridani History --------- Turn | Location | Event 18 | -11/Scrapyard | Discovered new exit (range 3) 153 | -11/Scrapyard | Entered Materials 306 | -10/Materials | Build established: Mutant 418 | -10/Materials | Discovered new exit (range 16) 816 | -10/Materials | Discovered new exit (range 15) 1094 | -10/Materials | Discovered new exit (range 14) 1260 | -10/Materials | Discovered new exit (range 4) 1829 | -10/Materials | Entered Mines 1847 | -10/Mines | Discovered new exit (range 6) 2012 | -10/Mines | YI-UF0 nonchalantly dropped a Grenade Launcher on the ground 2188 | -10/Mines | Learned Materials stockpile data 2267 | -10/Mines | Discovered new exit (range 7) 2351 | -10/Mines | Assisted by bots powering up and referring to "LRC-V3" 2413 | -10/Mines | Deemed a non-threat by the Exiles lab entrance 2595 | -10/Mines | Murdered YI-UF0 2595 | -10/Mines | Destroyed YI-UF0 2600 | -10/Mines | Found Prototype Storage 2601 | -10/Mines | Identified YI-UF0's Bottomless Matter Pit 2802 | -10/Mines | Discovered new exit (range 5) 2812 | -10/Mines | Entered Exiles 2812 | -10/Exiles | Accompanied by 3 allies 2834 | -10/Exiles | Discovered new exit (range 15) 2849 | -10/Exiles | Met 8R-AWN 2870 | -10/Exiles | Met EX-HEX 2926 | -10/Exiles | Met EX-DEC 2949 | -10/Exiles | Learned location of Zion (-6) 3158 | -10/Exiles | Met EX-BIN 3178 | -10/Exiles | Aligned with FarCom system 3179 | -10/Exiles | Given EX-Vault access code 3213 | -10/Exiles | Opened EX-Vault 3250 | -10/Exiles | Warned to stay clear of 0b10 Research branches 3272 | -10/Exiles | Exiles lab attacked by MAIN.C 3331 | -10/Exiles | Discovered new exit (range 10) 3341 | -10/Exiles | Attacked by the Exiles 3345 | -10/Exiles | Entered Mines 3345 | -9/Mines | Accompanied by 2 allies 3435 | -9/Mines | Assembled infested the area 3440 | -9/Mines | Assisted by a Guerilla fighting off Assembled 4186 | -9/Mines | Core integrity fell below 50% 4191 | -9/Mines | Discovered new exit (range 15) 4222 | -9/Mines | Joined a pair of Derelicts in attacking an 0b10 outpost 4525 | -9/Mines | Received a Rocket Launcher from a helpful Derelict 4813 | -9/Mines | Learned Materials interactive machine intel 5093 | -9/Mines | Met a Derelict shopkeep closing up shop 5475 | -9/Mines | Entered Materials 5475 | -8/Materials | Evolved 4 slots: Propulsion x1, Utility x2, Weapon x1 5477 | -8/Materials | Loaded intel: 19 interactive machine locations 5779 | -8/Materials | Build established: Tank 6715 | -8/Materials | Repaired Med. Armor Plating? 7054 | -8/Materials | Discovered new exit (range 10) 7718 | -8/Materials | Identified exit to Garrison 7753 | -8/Materials | Entered Garrison 7838 | -8/Garrison | Triggered checkpoint 7882 | -8/Garrison | Installed Relay Interface Framework 8047 | -8/Garrison | Triggered checkpoint 8154 | -8/Garrison | Triggered checkpoint 8285 | -8/Garrison | Discovered new exit (range 15) 8523 | -8/Garrison | Triggered checkpoint 8642 | -8/Garrison | Destroyed 7 combat bots 8879 | -8/Garrison | Discovered new exit (range 10) 9032 | -8/Garrison | Entered Materials 9140 | -8/Materials | Build established: Scavenger-Tank 9717 | -8/Materials | Identified exit to Garrison 10406 | -8/Materials | Discovered new exit (range 9) 10626 | -8/Materials | Build established: Tank 10940 | -8/Materials | Entered Garrison 11010 | -8/Garrison | Expanded RIF knowledge: Zone Cloak 11099 | -8/Garrison | Garrison Relay disabled 11201 | -8/Garrison | Triggered checkpoint 11446 | -8/Garrison | Triggered checkpoint 11793 | -8/Garrison | Discovered new exit (range 12) 12034 | -8/Garrison | Triggered checkpoint 12163 | -8/Garrison | Discovered new exit (range 10) 12414 | -8/Garrison | Build established: Mutant 12890 | -8/Garrison | Entered Factory 12890 | -7/Factory | Evolved 2 slots: Utility x1, Weapon x1 13068 | -7/Factory | Build established: Tank 13603 | -7/Factory | Garrison activated, responded to threat 15198 | -7/Factory | Discovered new exit (range 8) 15386 | -7/Factory | Discovered new exit (range 15) 15588 | -7/Factory | Build established: Scavenger-Tank 15739 | -7/Factory | Identified exit to Storage 15822 | -7/Factory | Identified exit to Lower Caves 16349 | -7/Factory | Entered Lower Caves 17051 | -7/Lower Caves | Learned Armory garrison access intel 17051 | -7/Lower Caves | Learned Extension garrison access intel 17051 | -7/Lower Caves | Learned Factory garrison access intel 17051 | -7/Lower Caves | Learned Research security intel 17051 | -7/Lower Caves | Learned Factory emergency access door positions 17125 | -7/Lower Caves | Build established: Tank 17577 | -7/Lower Caves | Encountered a Warlord checkpoint 17626 | -7/Lower Caves | Discovered new exit (range 12) 17787 | -7/Lower Caves | Entered another Lower Caves area 17921 | -7/Lower Caves | Discovered new exit (range 5) 18469 | -7/Lower Caves | Learned Factory emergency access door positions 18618 | -7/Lower Caves | Discovered new exit (range 10) 18636 | -7/Lower Caves | Entered Data Miner 18636 | -7/Data Miner | Discovered new exit (range 6) 18676 | -7/Data Miner | Met Data Miner 18709 | -7/Data Miner | Learned location of Section 7 (-3) 18709 | -7/Data Miner | Acquired the access code to Warlord's prototype stash 18732 | -7/Data Miner | Received God Mode back door access code from Data Miner 18764 | -7/Data Miner | Interfaced with the Data Conduit 18856 | -7/Data Miner | Entered Proximity Caves 18890 | -6/Proximity Caves | Identified exit to Factory 19230 | -6/Proximity Caves | Spotted B-75 Beast 19814 | -6/Proximity Caves | Entered Factory 19814 | -6/Factory | Evolved 2 slots: Propulsion x1, Utility x1 19816 | -6/Factory | Loaded intel: 296 machine locations 19817 | -6/Factory | Loaded intel: 4 garrison access locations 20012 | -6/Factory | Discovered new exit (range 13) 20266 | -6/Factory | Entered Extension 20267 | -6/Extension | Loaded intel: 35 machine locations 20656 | -6/Extension | Lost 3 parts (1u2w) 20667 | -6/Extension | Build established: Commander-Tank 20678 | -6/Extension | Rescued A7 20700 | -6/Extension | Rescued a captive Derelict 20732 | -6/Extension | Rescued a captive Derelict 20732 | -6/Extension | Rescued a captive Derelict 20837 | -6/Extension | Rescued a captive Derelict 20838 | -6/Extension | Rescued a captive Derelict 21082 | -6/Extension | Spotted B-75 Beast 21106 | -6/Extension | Allies destroyed B-75 Beast 21106 | -6/Extension | Spotted B-75 Beast 21126 | -6/Extension | Allies destroyed B-75 Beast 21132 | -6/Extension | Lost 3 parts (1n1u1w) 21155 | -6/Extension | Lost 6 allies 21405 | -6/Extension | Discovered new exit (range 16) 21405 | -6/Extension | Discovered new exit (range 16) 21440 | -6/Extension | Entered Cetus 21440 | -6/Cetus | Accompanied by 7 allies (A7) 21441 | -6/Cetus | Loaded intel: 24 machine locations 21445 | -6/Cetus | Acquired a Cetus Manufacturing Module code from A7 21465 | -6/Cetus | Spotted Cetus Guard 21465 | -6/Cetus | Spotted Cetus Guard 21467 | -6/Cetus | Spotted Cetus Guard 21469 | -6/Cetus | Spotted Cetus Guard 21470 | -6/Cetus | Allies destroyed Cetus Guard 21471 | -6/Cetus | Allies destroyed Cetus Guard 21477 | -6/Cetus | Destroyed Cetus Guard 21481 | -6/Cetus | Allies destroyed Cetus Guard 21500 | -6/Cetus | System corruption reached 10% 21563 | -6/Cetus | Cetus Manufacturing Module disabled 21628 | -6/Cetus | Escorted A7 to Cetus Mainframe 21659 | -6/Cetus | Discovered new exit (range 15) 21705 | -6/Cetus | Spotted Cetus Guard 21705 | -6/Cetus | Spotted Cetus Guard 21709 | -6/Cetus | Spotted Cetus Guard 21712 | -6/Cetus | Allies destroyed Cetus Guard 21714 | -6/Cetus | Destroyed Cetus Guard 21717 | -6/Cetus | Destroyed Cetus Guard 21718 | -6/Cetus | Spotted Cetus Guard 21724 | -6/Cetus | Destroyed Cetus Guard 21748 | -6/Cetus | Discovered new exit (range 15) 21760 | -6/Cetus | Met Revision 17 21823 | -6/Cetus | Build established: Scavenger-Tank 21882 | -6/Cetus | Entered Archives 21882 | -6/Archives | Accompanied by 1 ally (A7) 21883 | -6/Archives | Loaded intel: 8 machine locations 21887 | -6/Archives | Received a hacking code to weaken MAIN.C 21908 | -6/Archives | Met Zhirov 21914 | -6/Archives | Reinforcements dispatched to Archives 21926 | -6/Archives | Read partially decrypted archive contents 21929 | -6/Archives | Discovered new exit (range 15) 21957 | -6/Archives | Entered Hub_04(d) 21958 | -6/Hub_04(d) | Loaded intel: 106 machine locations 22083 | -6/Hub_04(d) | Network Hub disabled 22089 | -6/Hub_04(d) | Spotted B-75 Beast 22096 | -6/Hub_04(d) | Spotted Lightning 22112 | -6/Hub_04(d) | Spotted Lightning 22116 | -6/Hub_04(d) | Spotted Lightning 22140 | -6/Hub_04(d) | System corruption reached 30% 22147 | -6/Hub_04(d) | Destroyed Lightning 22174 | -6/Hub_04(d) | Destroyed Lightning 22186 | -6/Hub_04(d) | Destroyed B-75 Beast 22189 | -6/Hub_04(d) | Destroyed Lightning 22206 | -6/Hub_04(d) | Found Exp. Phase Shifter 22220 | -6/Hub_04(d) | Found Exp. Targeting Computer 22375 | -6/Hub_04(d) | Discovered new exit (range 3) 22413 | -6/Hub_04(d) | Spotted Lightning 22414 | -6/Hub_04(d) | Spotted Lightning 22425 | -6/Hub_04(d) | Destroyed Lightning 22443 | -6/Hub_04(d) | Found Exp. EM Disruption Field 22447 | -6/Hub_04(d) | Spotted Lightning 22449 | -6/Hub_04(d) | Lost 3 parts (1u2w) 22470 | -6/Hub_04(d) | Entered Factory 22470 | -5/Factory | Evolved 2 slots: Power x1, Utility x1 22470 | -5/Factory | Garrison activated, responded to threat 22472 | -5/Factory | Loaded intel: 268 machine locations 22842 | -5/Factory | Identified exit to Garrison 22842 | -5/Factory | Entered Garrison 22843 | -5/Garrison | Loaded intel: 29 machine locations 22862 | -5/Garrison | Learned Factory security intel 23013 | -5/Garrison | Triggered checkpoint 23020 | -5/Garrison | Spotted B-75 Beast 23053 | -5/Garrison | Destroyed B-75 Beast 23087 | -5/Garrison | Destroyed 11 combat bots 23096 | -5/Garrison | Lost 3 parts (1n1u1w) 23104 | -5/Garrison | Triggered checkpoint 23200 | -5/Garrison | Destroyed 7 combat bots 23468 | -5/Garrison | Discovered new exit (range 14) 23509 | -5/Garrison | Expanded RIF knowledge: Hotswap 23762 | -5/Garrison | Triggered checkpoint 23889 | -5/Garrison | Garrison Relay disabled 23931 | -5/Garrison | Discovered new exit (range 8) 24098 | -5/Garrison | Discovered new exit (range 10) 24276 | -5/Garrison | Triggered checkpoint 24318 | -5/Garrison | Lost 3 allies 24385 | -5/Garrison | Discovered new exit (range 58) 24385 | -5/Garrison | Discovered new exit (range 26) 24385 | -5/Garrison | Discovered new exit (range 30) 24439 | -5/Garrison | Garrison Relay disabled 24513 | -5/Garrison | Entered Factory 24513 | -4/Factory | Evolved 2 slots: Utility x2 24515 | -4/Factory | Loaded intel: 268 machine locations 24881 | -4/Factory | Build established: Scavenger-Skirmisher 25129 | -4/Factory | Discovered new exit (range 17) 25263 | -4/Factory | First assault squad dispatched 25267 | -4/Factory | Identified exit to Research 25550 | -4/Factory | Build established: Scavenger-Tank 25670 | -4/Factory | Identified exit to Upper Caves 25936 | -4/Factory | Intercept squad dispatched 25944 | -4/Factory | Spotted Tracker 25962 | -4/Factory | Destroyed Tracker 26027 | -4/Factory | Spotted Combat Programmer 26029 | -4/Factory | Entered Upper Caves 26088 | -4/Upper Caves | Encountered a Warlord checkpoint 26939 | -4/Upper Caves | Build established: Scavenger-Skirmisher 27213 | -4/Upper Caves | Attracted the attention of an 0b10 checkpoint 27400 | -4/Upper Caves | Discovered new exit (range 17) 27670 | -4/Upper Caves | Entered another Upper Caves area 27684 | -4/Upper Caves | Discovered exit to Research (range 10) 27693 | -4/Upper Caves | Attracted the attention of an 0b10 checkpoint 27719 | -4/Upper Caves | Learned Research stockpile data 28566 | -4/Upper Caves | Discovered new exit (range 10) 28576 | -4/Upper Caves | Spotted B-86 Titan 28888 | -4/Upper Caves | Entered Zhirov 28888 | -4/Zhirov | Discovered new exit (range 3) 29061 | -4/Zhirov | Found Alien Artifact 29061 | -4/Zhirov | Identified Integrated Dissipator 29061 | -4/Zhirov | Installed Integrated Dissipator, increased core heat dissipation (+20) 29176 | -4/Zhirov | Found Alien Artifact 29197 | -4/Zhirov | Build established: Scavenger-Mutant 29289 | -4/Zhirov | Cloak Generator disabled 29350 | -4/Zhirov | Lost 3 allies 29544 | -4/Zhirov | Build established: Scavenger-Tank 29598 | -4/Zhirov | Entered Proximity Caves 29941 | -3/Proximity Caves | Attracted the attention of an 0b10 base 30309 | -3/Proximity Caves | Discovered exit to Research (range 15) 30335 | -3/Proximity Caves | Entered Research 30335 | -3/Research | Evolved 2 slots: Power x1, Utility x1 30336 | -3/Research | Identified exit to Armory 30339 | -3/Research | Loaded intel: 120 machine locations 30440 | -3/Research | Identified exit to Quarantine 30701 | -3/Research | Entered Armory 30702 | -3/Armory | Loaded intel: 61 machine locations 30773 | -3/Armory | Found Adv. Kinecellerator 31518 | -3/Armory | Discovered new exit (range 15) 31655 | -3/Armory | Intercept squad dispatched 31667 | -3/Armory | Spotted Tracker 31668 | -3/Armory | Destroyed Tracker 31668 | -3/Armory | Spotted Tracker 31676 | -3/Armory | Destroyed Tracker 31691 | -3/Armory | Spotted Combat Programmer 31691 | -3/Armory | Spotted Combat Programmer 31712 | -3/Armory | Destroyed Combat Programmer 31800 | -3/Armory | Found Exp. Phase Shifter 31951 | -3/Armory | First assault squad dispatched 31967 | -3/Armory | Identified Transdimensional Reconstructor 31967 | -3/Armory | Warped through subspace to slip node 31967 | -3/Armory | Discovered new exit (range 1) 31971 | -3/Armory | Entered Lab 31972 | -3/Lab | Discovered new exit (range 9) 32000 | -3/Lab | Hidden lab's door opened automatically 32000 | -3/Lab | Sensor layout match revealed 32001 | -3/Lab | Gained access to the hidden lab's interior 32268 | -3/Lab | Build established: Scavenger-Mutant 32310 | -3/Lab | Found Alien Artifact 32310 | -3/Lab | Identified Integrated Reactor 32310 | -3/Lab | Installed Integrated Reactor, increased core energy generation (+10) 32322 | -3/Lab | Found Alien Artifact 32322 | -3/Lab | Identified Core Expander 32322 | -3/Lab | Installed Core Expander, added new Power slot 32342 | -3/Lab | Found Transdimensional Reconstructor 32593 | -3/Lab | Build established: Generator-Mutant 32668 | -3/Lab | Found Prototype Protection 32668 | -3/Lab | Identified Hvy. Regenerative Plating 32674 | -3/Lab | Found Quantum Router 32686 | -3/Lab | Found Prototype Energy Cannon 32686 | -3/Lab | Identified Warp Cannon 32692 | -3/Lab | Found Prototype Energy Gun 32692 | -3/Lab | Identified Hyp. EM Gauss Rifle 32726 | -3/Lab | Decrypted terminal 32726 | -3/Lab | Acquired modification code for an L2 power cell 32941 | -3/Lab | Decrypted terminal 33085 | -3/Lab | Found Alien Artifact 33190 | -3/Lab | Decrypted terminal 33256 | -3/Lab | Entered Research 33256 | -2/Research | Evolved 2 slots: Propulsion x2 33257 | -2/Research | Loaded intel: 105 machine locations 33513 | -2/Research | Build established: Generator-Skirmisher 33586 | -2/Research | Identified exit to Testing 33928 | -2/Research | Found Ragnarok Missile Launcher 34006 | -2/Research | Search patrols dispatched 34136 | -2/Research | Destroyed 7 combat bots 34231 | -2/Research | Discovered new exit (range 18) 34436 | -2/Research | Destroyed 9 combat bots 34558 | -2/Research | Warped through subspace 34865 | -2/Research | Entered Testing 34866 | -2/Testing | Loaded intel: 56 machine locations 35115 | -2/Testing | First assault squad dispatched 35296 | -2/Testing | Found Prototype Energy Gun 35297 | -2/Testing | Identified Warp Gun 35572 | -2/Testing | Found Prototype Ballistic Cannon 35572 | -2/Testing | Identified Omega Cannon 35610 | -2/Testing | Discovered new exit (range 19) 35670 | -2/Testing | Destroyed 9 combat bots 35751 | -2/Testing | Found Prototype Protection 35817 | -2/Testing | Found Prototype Leg 35817 | -2/Testing | Identified Myomer Exoskeleton 35889 | -2/Testing | Intercept squad dispatched 35889 | -2/Testing | Spotted Tracker 35889 | -2/Testing | Spotted Combat Programmer 35889 | -2/Testing | Spotted Tracker 35890 | -2/Testing | Spotted Combat Programmer 35895 | -2/Testing | Entered Access 35895 | -1/Access | Evolved 2 slots: Utility x2 35895 | -1/Access | Identified SHELL Armor 35896 | -1/Access | Loaded intel: 123 machine locations 35921 | -1/Access | Lost 3 parts (3u) 36036 | -1/Access | Spotted B-99 Colossus 36145 | -1/Access | First assault squad dispatched 36293 | -1/Access | Destroyed 9 combat bots 36377 | -1/Access | Destroyed 11 combat bots 36474 | -1/Access | Build established: Generator-Tank 36730 | -1/Access | Discovered new exit (range 18) 36742 | -1/Access | Spotted B-99 Colossus 36762 | -1/Access | Destroyed B-99 Colossus 36774 | -1/Access | Spotted B-99 Colossus 36812 | -1/Access | High security lockdown imminent 36812 | -1/Access | Destroyed B-99 Colossus 36866 | *** | Escaped! Last Messages --------------- 36818_ P-80 Master destroyed. 36821_ Ended siege mode. 36822_ Acquired 1 matter. 36822_ Acquired 7 matter. 36822_ Acquired 9 matter. 36822_ Acquired 12 matter. 36822_ Acquired 27 matter. 36822_ Acquired 42 matter. 36822_ Acquired 12 matter. 36822_ Acquired 7 matter. 36822_ Acquired 20 matter. 36822_ Acquired 12 matter. 36822_ Acquired 3 matter. 36824_ Acquired 5 matter. 36826_ Acquired 45 matter. 36826_ Acquired 24 matter. 36833_ U-05 Engineer builds a Reinforced Barrier. 36854_ System corrupted: Matter fused (-6). 36856_ Main Access Shell breached. 36862_ ALERT: Machine network offline. Map ----- +----------------------------------------------------+ | ?????????????????""R""???????????????????????????? | | ??????????????????"?"????????????????????????????? | | ?????????????????????????????????????????????????? | | ?????????????????????????????????????????????????? | | ?????????????????????????????????????????????????? | | ?????????????????????????????????????????????????" | | ?????????????????????????????????????????????????? | | ?????????????????????????????????????????????????? | | ?????????????????????????????????????????????????? | | ?????????????????????????????????????????????????? | | ?"???????????????????????????????????????????????? | | """??????????????????????????????????????????????? | | ?"""?????????????????????????????????????????????? | | ??"??????????????????????????""??????????????????? | | ?????????????????????????????""??????????????????? | | ?????????????????????????????""??????????????????? | | ??????????????????????????????T?????????????????#? | | ?????????????????????????????""?????""?""???????# | | ?????????????????????????????""?????""R""???????# | | ?????????????????????????????""??????""""??????%# | | ????????????????????""""""""""""???????????????=# | | ???????????????????????????? #??????????????# #% | | ???????????????????????????? #??????????????# # | | ""?????????????????????"""""" #?????????????? ## | | ""?????????????????????" " ##????????????? # | | ""?????????????????????" @" " #??????????????### | | ""?????????????????????" "" " #???#???#?????# # | | ""?????????????????#? ?" ##??######????# # | | ???????????????#????# """""" #???###???##??# # | | ???????????????????## ##### ?? ? = # | | ????????????????????#""""""""" #???? ?? # | | ??????????????????#??""""""""" #?### ? ? # | | ???????????????????#?""""""""" ##?## ? ? #% | | ?????????????????#??#""""" "" #???# ?? # | | ??????????????????###% ##??? + | | ?????????????#????#?# ###?#? ! #! | | ?????????????#????### ###?# ? #% | | ?????????????????#??# ##?#? ? #= | | ??????????????????#?# ##?## ? # | | ???????????????????## !! ####? ? # | | ??????????????#??#?## ! #???#??? # | | ????????""???##?######## ##################### | | ????????""???? ??? ?? # #%%% " " ## | | ????????""? ?????? ? # #%% """ """ ## | | ?????????S?????? ?? ?+ # %""" """ ## | | ????????""??? """""??? # # " " ## | | ????????""???""""""""? # # ## | | ????????""?? """""""" ?# # ## | | ??????????????"""""?? ?# # ## | | ??????????#?????? ? # # ## | +----------------------------------------------------+ Best States ------------- Heat Dissipation 110 Energy Generation 95 Energy Capacity 1320 Matter Stores 300 Matter Capacity 300 Sight Range 22 Terrain Scan Range 20 Terrain Scan Density 210 Jamming Range 14 Armor Coverage 3000 Resistance: KI 30 Resistance: TH 15 Resistance: EM 75 Core Shielding 20 Phase Shifting 20 Evasion (%) 60 Targeting Accuracy 12 Recoil Reduction 6 Kinecelleration 50 Offensive Hacking 10 Defensive Hacking 25 Relay Coupler Types 1 Relay Coupler Value 26 Item Schematics ----------------- Combat Drone Bay | -7/Data Miner | Free Lgt. Regenerative Plating | -7/Data Miner | Free Biomechanical Wings | -7/Data Miner | Free Exp. Targeting Computer | -7/Data Miner | Free Com. Ion Cannon | -7/Data Miner | Free Arm. Medium Treads | -7/Data Miner | Free Imp. Kinecellerator | -7/Data Miner | Free Enh. Gauss Cannon | -7/Data Miner | Free Adv. Drone Bay | -7/Data Miner | Free Imp. Arc Projector | -7/Data Miner | Free Adv. Particle Charger | -7/Data Miner | Free Assault Drone Bay | -4/Zhirov | Free Exp. Heat Sink | -4/Zhirov | Free Exp. Optical Array | -4/Zhirov | Free Imp. Arc Thrower | -4/Zhirov | Free Robot Schematics ------------------ G-47 Trooper | -7/Data Miner | Free L-41 Fighter | -7/Data Miner | Free R-10 Processor | -7/Data Miner | Free E-15 Imp | -7/Data Miner | Free B-48 Gladiator | -7/Data Miner | Free Fabricated ------------ Nothing Alien Tech Used ----------------- Integrated Dissipator Transdimensional Reconstructor Integrated Reactor Core Expander Achievements -------------- None Challenges ------------ None Game ------ Seed ThiefSpreadCompactor Manual? 0 Play Time 07:29:35 Cumulative 534.6 hours Start 2024.03.25 @ 19:33:29 End 2024.03.29 @ 21:10:08 Sessions 15 Manual Loads 0 Difficulty Rogue Special Mode None Game No. 292 Rogue 292 Adventurer 0 Explorer 0 Win Type 0 Total 28 Types 2/5/4/1/1/1/12/1/1 Lore% 88 Gallery% 90 Achievement% 76 Wizard Run 0 Options --------- Layout 0 ASCII 1 Keyboard 1 Movement Vi Keybinds 0 Fullscreen 2 Font 18/Terminus Map View 76x50 Zoom Use 0% Tactical HUD 1 Map Filters NONE Filters NONE Steam 1 RUN: 7c8a7b8a-68f6-49d3-b204-ad1ea9a8b899